cohdb
Replays
Latest Replays
All Replays
Popular Replays
Top Player Replays
Match Explorer
How It Works
Community
CoH3 Stats
Reddit
Sign in to upload your games and track your stats! →
Sign in with Steam
Match 39631174
Unlisted
Match 39631174
Overview
Messages
Build Orders
End
Construct Weapon Support Center
Engineer Squad
Selects Heavy Weapons
M1919 Machine Gun Team
Sniper
M1919 Machine Gun Team
Mechanized Support Center
M3 Armored Personnel Carrier
Engineer Squad
Construct Motor Pool
Selects Assault Carriers
Selects Exchangeable Parts
M8 Greyhound Armored Car
Selects M2HB .50cal Heavy Machine Gun
M1919 Machine Gun Team
Mortar Pit
Designate Forward Repair Station
M3 75 mm Gun Motor Carriage
M8 Greyhound Armored Car
Improvised Armor
Mortar Pit
M1919 Machine Gun Team
M1 Anti-tank Gun Team
Engineer Squad
Scout Squad
Engineer Squad
M1919 Machine Gun Team
Selects Towed M5 3-inch Anti-tank Gun
Towed M5 3-inch Anti-tank Gun
M3 75 mm Gun Motor Carriage
M8 Greyhound Armored Car
M3 75 mm Gun Motor Carriage
M3 75 mm Gun Motor Carriage
Mr. Jor
WilloDenzo
Turp175
Kit Fisto's Alcoholic Cousin
Bighazelnut
Tonani
0
0
Comments
sign in to comment!
No comments posted yet!